Cogmind - Beta 15 @@@ ROGUE MODE // 2025.05.22 @ 18:37:06 Player: celerysam Result: Destroyed by Y-45 Defender with Heavy Assault Rifle Performance ------------- Evolutions (0) 0 Regions Visited (2) 400 Robots Destroyed (27) 135 Value Destroyed (707) 707 Prototype IDs (11) 220 Alien Tech Used (0) 0 Bonus (0) 0 TOTAL SCORE: 1462 Bonus ------- None Cogmind --------- Core Integrity 0/250 Matter 7/300 Energy 90/100 System Corruption 0% Temperature Cool (9) Movement Core (50) Location -10/Subcaves Parts ------- > --- POWER (1) -------- (None) > --- PROPULSION (2) --- (None) > --- UTILITY (2) ------ Core Shielding > --- WEAPON (2) ------- (None) > --- INVENTORY (5) ---- Ion Engine Structural Scanner Power Bank Assault Rifle Battle Rifle Peak State ------------ > --- POWER ------------ Ion Engine > --- PROPULSION ------- Light Treads Light Treads > --- UTILITY ---------- Huge Storage Unit Structural Scanner > --- WEAPON ----------- Subdweller Beam Cannon Battle Cannon > --- INVENTORY -------- Ion Engine Ion Engine Aluminum Leg Aluminum Leg Subdweller Monowheel Heat Sink Small Storage Unit Terrain Scanner Core Shielding Power Bank Small Laser Assault Rifle Assault Rifle Assault Rifle Battle Rifle Subdweller Machine Gun Grenade Launcher Subdweller Shrapnel Launcher Mining Claw [Rating: 12] Favorites ----------- Power Ion Engine Engine Ion Engine Propulsion Light Treads Treads Light Treads Leg Aluminum Leg Wheel Compact Wheel Utility Huge Storage Unit Device Structural Scanner Storage Huge Storage Unit Protection Core Shielding Weapon Assault Rifle Energy Gun Small Laser Energy Cannon Subdweller Beam Cannon Ballistic Gun Assault Rifle Ballistic Cannon Battle Cannon Launcher Subdweller Shrapnel Launcher Slashing Weapon Mining Claw Build | -11 -10 -10 ------- Run | Yrd Mat Sub Slots Evolved . | . . . Power . | . . . Propulsion . | . . . Utility . | . . . Weapon . | . . . Parts Attached 26 | 6 14 6 Power 4 | 1 3 . Engine 4 | 1 3 . Core . | . . . Reactor . | . . . Propulsion 8 | 2 5 1 Treads 2 | . 2 . Leg 2 | 2 . . Wheel 4 | . 3 1 Hover . | . . . Flight . | . . . Utility 4 | 1 2 1 Device 1 | . 1 . Storage 2 | 1 1 . Processor . | . . . Hackware . | . . . Protection 1 | . . 1 Artifact . | . . . Weapon 10 | 2 4 4 Energy Gun 3 | 1 2 . Energy Cannon 1 | . . 1 Ballistic Gun 3 | 1 1 1 Ballistic Cannon 1 | . . 1 Launcher 1 | . . 1 Special Weapon . | . . . Impact Weapon . | . . . Slashing Weapon 1 | . 1 . Piercing Weapon . | . . . Special Melee Weapon . | . . . Unidentified Prototypes . | . . . Parts Lost 11 | . 8 3 Power 2 | . 2 . Propulsion 6 | . 3 3 Utility . | . . . Weapon 3 | . 3 . Highest Loss Streak 3 | . 3 2 To Critical Strikes . | . . . Average Backups 12 | 5 9 17 Power 1 | . 1 2 Propulsion 2 | 3 3 2 Utility 3 | . 2 4 Weapon 4 | . 2 8 Tool/Special . | . . . Unused Backups 11 | . 1 10 Power 1 | . . 1 Propulsion . | . . . Utility 3 | . . 3 Weapon 7 | . 1 6 Tool/Special . | . . . Average Slot Usage (%) 94 | . 94 94 Engine 13 | . 12 14 Treads 15 | . 13 18 Leg 2 | . 5 . Wheel 6 | . 8 4 Device 11 | . 12 9 Storage 13 | . 14 13 Protection 2 | . . 4 Energy Gun 11 | . 13 9 Energy Cannon 2 | . . 4 Ballistic Gun 8 | . 12 2 Ballistic Cannon 2 | . . 4 Slashing Weapon 2 | . . 5 Peak Build Rating 12 | 6 8 12 Average Rating 8 | 4 7 10 On Entrance 4 | . 6 8 Naked Turns . | . . . Heaviest Build 97 | 12 90 97 Greatest Support 40 | 20 40 40 Greatest Overweight (x) 5 | . 5 5 Average Overweight (x) 2 | . 2 3 Largest Inventory Capacity 25 | 8 25 25 Average Capacity 22 | 7 21 24 Most Carried 20 | 6 12 20 Average Carried 12 | 5 9 17 Final Capacity 25 | 8 25 5 Final Carried 12 | 6 12 5 Class Distribution -------------------- 100% | Mutant Dominant Class ---------------- Mutant | -10/Materials Mutant | -10/Subcaves Resources | -11 -10 -10 ----------- Run | Yrd Mat Sub Matter Collected 544 | 231 255 58 Remotely . | . . . Salvage Created 604 | . 538 66 Parts 47 | . 36 11 Haulers Intercepted 1 | . 1 . Recyclers Shooed . | . . . Parts Field Recycled . | . . . Retrieved Matter . | . . . Parts Self-Destructed 5 | . . 5 Prevented . | . . . Kills | -11 -10 -10 ------- Run | Yrd Mat Sub Combat Hostiles Destroyed 20 | . 13 7 Guns 13 | . 11 2 AOE 7 | . 2 5 Classes Destroyed 7 | . 5 2 Worker 1 | . 1 . Hauler 1 | . 1 . Turret 2 | . . 2 Watcher 3 | . 3 . Swarmer 7 | . 3 4 Grunt 10 | . 10 . Subdweller 3 | . . 3 Best Kill Streak 6 | . 3 6 Combat Bots Only 4 | . 3 4 Max Kills in Single Turn 3 | . 3 2 Gunslinging . | . . . Exploded 2 | . 2 2 Melee . | . . . Uniques/NPCs Destroyed . | . . . Combat | -11 -10 -10 -------- Run | Yrd Mat Sub Hostile Shots Fired 159 | . 102 57 Missed 48 | . 25 23 Hits 111 | . 77 34 Projectile 111 | . 77 34 Critical Strikes 3 | . 3 . Damage Taken 1315 | . 935 380 Core 261 | . 179 82 Absorbed by Shields . | . . . Redirected to Shielding 13 | . . 13 Core Remaining (%) 100 | 100 . . Volleys Fired 74 | . 50 24 Largest 2 | . 2 2 Hottest 113 | . 60 113 Shots Fired 122 | . 90 32 Gun 97 | . 90 7 Cannon 12 | . . 12 Launcher 13 | . . 13 Special . | . . . Kinetic 59 | . 41 18 Thermal 35 | . 21 14 Explosive . | . . . Electromagnetic 28 | . 28 . Robot Hit Streak 10 | . 8 10 Robot Miss Streak 3 | . 3 2 Penetration Max . | . . . Secondary Targets 1 | . 1 . Max Gunslinging Chain 1 | . 1 . Shots Hit Robots 77 | . 56 21 Core Hits 41 | . 27 14 Critical Kills . | . . . Critical Parts Destroyed . | . . . Critical Strikes 3 | . 2 1 Blast 1 | . . 1 Corrupt 2 | . 2 . Melee Attacks 4 | . 1 3 Impact . | . . . Slashing 4 | . 1 3 Piercing . | . . . Sneak Attacks . | . . . Combat Hostiles . | . . . Follow-up Attacks . | . . . Damage Inflicted 2249 | . 1120 1129 Guns 719 | . 674 45 Cannons 236 | . . 236 Explosions 1294 | . 446 848 Melee . | . . . Ramming . | . . . Kinetic 1201 | . 282 919 Thermal 827 | . 617 210 Explosive . | . . . Electromagnetic 221 | . 221 . Impact . | . . . Slashing . | . . . Piercing . | . . . Highest Corruption . | . . . Average Corruption . | . . . Corruption Purged . | . . . Corruption Blocked . | . . . Overload Shots . | . . . Overflow Damage 93 | . 93 . Projectiles . | . . . Explosions 93 | . 93 . Melee . | . . . Knockbacks 2 | . . 2 Impact . | . . . Kinetic 2 | . . 2 Secondary . | . . . Self-Inflicted Damage 45 | . 45 . Shots 1 | . 1 . Rammed . | . . . Targets Rammed . | . . . Kicked . | . . . Crushed . | . . . Highest Temperature 96 | . 96 15 Average Temperature 27 | . 30 8 Received Heat Transfer 642 | . 531 111 Siege Activations . | . . . Martial Activations . | . . . Shielding Activations . | . . . Robots Disrupted . | . . . Combat Hostiles . | . . . Robots Corrupted . | . . . Combat Hostiles . | . . . Parts Fried 1 | . 1 . Impact Corruptions . | . . . Robots Melted . | . . . Combat Hostiles . | . . . Parts Melted 1 | . 1 . Heat Transferred 1222 | . 900 322 Parts Sabotaged . | . . . Parts Stolen . | . . . Parts Stripped . | . . . Power Chain Reactions 3 | . 3 . Alert | -11 -10 -10 ------- Run | Yrd Mat Sub Maximum Alert Level . | . . . Low Security (%) 100 | 100 100 . Level 1 . | . . . Level 2 . | . . . Level 3 . | . . . Level 4 . | . . . Level 5 . | . . . High Security . | . . . Max Security . | . . . Peak Influence 115 | . 115 . Initial . | . . . Average 28 | . 31 . Influence Increases 676 | . 436 240 Destroy 0b10 Robot/C 380 | . 260 120 Destroy 0b10 Robot/NC 25 | . 25 . Destroy Leader 58 | . 58 . Disable Machine 60 | . 60 . Destroy Structure 18 | . 18 . Lose Combat Pursuer 135 | . 15 120 Influence Decreases 594 | . 436 158 Time Decay 484 | . 356 128 Lost Part 110 | . 80 30 Squads Dispatched 2 | . 2 . Investigation 2 | . 2 . Extermination . | . . . Reinforcement . | . . . Assault . | . . . Garrison . | . . . Intercept . | . . . Searches Triggered . | . . . Construction Impeded . | . . . Haulers Reinforced . | . . . Active Scanning Responses . | . . . Cargo Convoy Interrupts . | . . . Stealth | -11 -10 -10 --------- Run | Yrd Mat Sub Distress Signals . | . . . Communications Jammed . | . . . Distress Signals . | . . . Times Spotted 28 | . 17 11 Peak Tracking Total 4 | . 3 4 Tactical Retreats 3 | . 1 2 Traps | -11 -10 -10 ------- Run | Yrd Mat Sub Traps Triggered 2 | . 2 . Indirectly . | . . . Trap Hack Attempts . | . . . Triggered . | . . . Disarmed . | . . . Reprogrammed . | . . . Reused . | . . . Traps Extracted . | . . . Installed 1 | . . 1 Triggered . | . . . Machines | -11 -10 -10 ---------- Run | Yrd Mat Sub Machines Disabled 8 | . 4 4 Max in Single Turn 3 | . 3 3 Machines Repaired . | . . . Machines Dismantled . | . . . Machines Sabotaged . | . . . Overloaded Fab Kills . | . . . Hacking | -11 -10 -10 --------- Run | Yrd Mat Sub Machines Accessed 3 | . 2 1 Terminals . | . . . Fabricators . | . . . Repair Stations . | . . . Recycling Units 2 | . 2 . Scanalyzers . | . . . Garrison Access . | . . . Total Hacks 4 | . 2 2 Successful 4 | . 2 2 Failed . | . . . Catastrophic . | . . . Database Lockouts . | . . . Manual . | . . . Terminals . | . . . Fabricators . | . . . Repair Stations . | . . . Recycling Units 2 | . 2 . Scanalyzers . | . . . Garrison Access . | . . . Terminal Hacks 2 | . . 2 Record 1 | . . 1 Proto ID Catalog 1 | . . 1 Fabricator Hacks . | . . . Repair Station Hacks . | . . . Recycling Unit Hacks 2 | . 2 . Report Inventory 2 | . 2 . Scanalyzer . | . . . Garrison Access Hacks . | . . . Unauthorized Hacks . | . . . Terminals . | . . . Fabricators . | . . . Repair Stations . | . . . Recycling Units . | . . . Scanalyzers . | . . . Garrison Access . | . . . Data Cores Recovered . | . . . Used . | . . . Hacking Detections . | . . . Full Trace Events . | . . . Feedback Events . | . . . Feedback Blocked . | . . . Robot Schematics Acquired . | . . . Robots Built . | . . . Authchips . | . . . Time . | . . . Total Robot Build Rating . | . . . Part Schematics Acquired . | . . . Parts Built . | . . . Authchips . | . . . Time . | . . . Total Part Build Rating . | . . . Parts Repaired . | . . . Time . | . . . Parts Recycled . | . . . Recycled Matter . | . . . Retrieved Matter . | . . . Retrieved Components . | . . . Parts Scanalyzed . | . . . Part Schematics Acquired . | . . . Parts Damaged . | . . . Bothacking | -11 -10 -10 ------------ Run | Yrd Mat Sub Used RIF Installer . | . . . Robots Hacked . | . . . Non-combat . | . . . Combat . | . . . Robot Hacks Applied . | . . . Relay Couplers Released . | . . . Fabnet Peak Effective % . | . . . Robots Rewired . | . . . Allies Hacked . | . . . Hacks Repelled . | . . . Allies | -11 -10 -10 -------- Run | Yrd Mat Sub Total Allies . | . . . Largest Group . | . . . Highest-Rated Group . | . . . Highest-Rated Ally . | . . . Total Orders . | . . . Ally Attacks . | . . . Total Damage . | . . . Kills . | . . . Allies Corrupted . | . . . Allies Melted . | . . . Intel | -11 -10 -10 ------- Run | Yrd Mat Sub Active Infowar (turns) 2121 | . 1396 725 Structural 2121 | . 1396 725 Robot Analysis Total . | . . . Derelict Logs Recovered 1 | . . 1 Drone Launches . | . . . Drone Recoveries . | . . . Exploration | -11 -10 -10 ------------- Run | Yrd Mat Sub Turns Passed 2714 | 117 1494 1103 Spaces Moved 1191 | 94 666 431 Core 16 | 15 . 1 Treads 415 | . 205 210 Legs 270 | 79 191 . Wheels 490 | . 270 220 Hover . | . . . Flight . | . . . Fastest Speed 50 | 50 120 150 Average Speed 199 | 108 191 233 Slowest Speed 320 | 120 320 320 Overloaded Moves . | . . . Propulsion Burnouts . | . . . Robots Hopped . | . . . Potential Cave-ins . | . . . Cave-ins Triggered . | . . . Exploration Rate (%) 42 | 5 96 27 Regions Visited 2 Branch Regions 1 Pre-discovered Areas . | . . . Known Exits Taken . | . . . Unknown Exits Taken 2 | 1 1 . Scrap Searched 3 | . . 3 Spaces Dug 1 | . 1 . Terrain Destroyed 124 | . 17 107 Melee 1 | . 1 . Projectile . | . . . AOE 123 | . 16 107 Terrain Rammed . | . . . Walls Destroyed . | . . . Machines Disabled . | . . . Actions | -11 -10 -10 --------- Run | Yrd Mat Sub Total 1387 | 105 793 489 Wait 53 | . 45 8 Move 1189 | 93 665 431 Hop . | . . . Pick Up 31 | 6 15 10 Fast Attach 7 | 6 1 . Attach 9 | . 8 1 Detach . | . . . Swap 12 | . 6 6 Drop 7 | . 2 5 Fire 74 | . 50 24 Melee 4 | . 1 3 Ram . | . . . Kick . | . . . Crush . | . . . Escape Stasis . | . . . Rewire . | . . . Trap 1 | . . 1 Miscellaneous . | . . . Route ------- -11/Scrapyard -10/Materials (discovered 6 exits: [*Mat x3] / [*Min x2] / *Sub) -10/Subcaves (discovered 1 exit: [*Rec]) History --------- Turn | Location | Event 8 | -11/Scrapyard | Discovered new exit (range 14) 118 | -11/Scrapyard | Entered Materials 118 | -10/Materials | Discovered new exit (range 7) 172 | -10/Materials | Discovered new exit (range 7) 305 | -10/Materials | Discovered new exit (range 4) 316 | -10/Materials | Build established: Mutant 405 | -10/Materials | Discovered new exit (range 14) 586 | -10/Materials | Discovered new exit (range 12) 909 | -10/Materials | Core integrity fell below 50% 1142 | -10/Materials | Lost 3 parts (1p2w) 1459 | -10/Materials | Discovered new exit (range 8) 1612 | -10/Materials | Entered Subcaves 1613 | -10/Subcaves | Approached by a straggling Scientist 1803 | -10/Subcaves | Visited 4L-MR0's lab 1844 | -10/Subcaves | Found Power Bank 2213 | -10/Subcaves | Core integrity fell below 20% 2338 | -10/Subcaves | Discovered new exit (range 10) 2715 | -10/Subcaves | Destroyed by Y-45 Defender with Heavy Assault Rifle Last Messages --------------- 02354_ Autobeam Turret destroyed. GZ-2F9(c): "I think it's somewhere north of here" 02398_ Acquired Battle Cannon. 02408_ Installed Shrapnel Trap. GZ-2F9(c): "I think it's somewhere north of here" 02495_ Acquired Mak. Shrapnel Gun. GZ-2F9(c): "I think it's somewhere north of here" 02700_ Destroyed Imp. Ion Engine. 02703_ Sub. Monowheel destroyed. 02706_ Sub. Beam Cannon shoots sparks and powers down. 02708_ Dropped Huge Storage Unit. 02712_ Dropped Sml. Laser. 02713_ Acquired Power Bank. 02714_ Dropped Broken Sub. Beam Cannon. 02714_ Dropped Ion Engine. 02715_ Dropped Battle Cannon. Map ----- +----------------------------------------------------+ | ?????????????????????????????????????????????????? | | ?????????????????????????????????????????????????? | | ?????????????????????????????????????????????????? | | ?????????????????????????????????????????????????? | | ?????????????????????????????????????????????????? | | ?????????????????????????????????????????????????? | | ?????????????????????????????????????????????????? | | ?????????????????????????????????????????????????? | | ?????????????????????????????????????????????????? | | ?????????????????????????????????????????????????? | | ?????????????????????????????????????????????????? | | ???????????????????? ????????????????????????????? | | ????????????????? ???????????????????????????? | | ??????????????? ???????? ##????????????????? | | ????????????? Y ?????? ###???????????????? | | ????????????? ?????# #####????????????? | | ????????????? ????## ### ????????????? | | ?????????????? ????## ????????????? | | ??????????????? ????## ?????????????? | | ####????????????# ????## ?????????????? | | """#????????????# ????## ????########### | | | "######????????# ????## ????########### | | "######????????## ###?## ????## # | | ## ##????????### =###### ####### | | # ##?????????### =]!##### ######## | | "# ###?????????###![!@##### ## | | #### ####?????######*/!]]#### ## | | ###???######## [[[[*; #### | | ######### "## ] ### ##### | | #######"""### ############# | | ### #### #""## ;## ######### ## | | ###### ## #" c ## ? ###?### #### | | ######### ;# ##### ##### | | ####??### & ### ##??# | | #??????## ?????? | | #??????### ## ?????? | | ??????### & ####? ??????? | | ????#### " &&& ###??? ##??????? | | ??? ## #" & ;##### ##???? ##??????? | | ???## ## ;##### ###?????????????? | | #???### ### ###??#####?????????????? | | ????########## ###??####??????????????? | | ?????########## ####?????????????????????? | | ????????????##### ## ######?????????????????????? | | ?????????????#############???????????????????????? | | ???????????????#########?????????????????????????? | | ?????????????????????????????????????????????????? | | ?????????????????????????????????????????????????? | | ?????????????????????????????????????????????????? | | ?????????????????????????????????????????????????? | +----------------------------------------------------+ Best States ------------- Heat Dissipation 25 Energy Generation 10 Energy Capacity 250 Matter Stores 300 Matter Capacity 300 Sight Range 16 Terrain Scan Density 10 Core Shielding 20 Evasion (%) 55 Recoil Reduction 2 Item Schematics ----------------- None Robot Schematics ------------------ None Fabricated ------------ Nothing Repaired ---------- Nothing Alien Tech Used ----------------- None Achievements -------------- None Challenges ------------ None Game ------ Seed TimingMetafieldShield Manual? 0 Play Time 00:18:00 Cumulative 258.9 hours Start 2025.05.22 @ 18:20:24 End 2025.05.22 @ 18:37:06 Sessions 1 Manual Loads 0 Difficulty Rogue Special Mode None Game No. 389 Rogue 389 Adventurer 0 Explorer 0 Win Type - Total 1 Types 1/0/0/0/0/0/0/0/0/0 Lore% 63 Gallery% 62 Achievement% 43 Wizard Run 0 Options --------- Layout 1 ASCII 0 Keyboard 0 Movement Mouse Keybinds 0 Fullscreen 2 Font 24/Smallcaps Map View 50x35 Zoom Use 0% Tactical HUD 1 Map Filters NONE Filters NONE Steam 1 RUN: cf12a92a-97e9-4631-bd7e-8091c660104d